 Dungeon Crawl Stone Soup version 0.31-a0-988-g08d55dae12 (webtiles) character file.

Game seed: 4035746269773852730

16319 Pixllover the Severer (level 12, 0/108 HPs)
             Began as a Minotaur Monk on Nov 5, 2023.
             Was the Champion of Okawaru.
             Slain by a troll (10 damage)
             ... on level 11 of the Dungeon.
             The game lasted 00:24:54 (10279 turns).

Pixllover the Severer (Minotaur Monk)              Turns: 10279, Time: 00:24:54

Health: 0/108      AC: 20    Str: 21    XL:     12   Next: 9%
Magic:  11/11      EV:  8    Int:  7    God:    Okawaru [******]
Gold:   661        SH:  0    Dex: 13    Spells: 11/11 levels left

rFire   . . .        B - +0 battleaxe
rCold   . . .        (shield currently unavailable)
rNeg    . . .        e - +0 plate armour
rPois   .            (helmet restricted)
rElec   .            I - scarf {repulsion}
rCorr   .            u - +0 pair of gloves
SInv    .            (no boots)
Will    +....        (no amulet) Stlth
                     p - ring of willpower
HPRegen 0.38/turn    C - +4 ring of protection
MPRegen 0.12/turn

%: repel missiles
@: no status effects
A: horns 2, retaliatory headbutt
a: Renounce Religion, Heroism, Finesse, Duel, Receive Weapon, Receive Armour


You were on level 11 of the Dungeon.
You worshipped Okawaru.
Okawaru was exalted by your worship.
You visited 2 branches of the dungeon, and saw 12 of its levels.

You collected 859 gold pieces.
You spent 198 gold pieces at shops.

Inventory:

Hand Weapons
 B - a +0 battleaxe (weapon)
Missiles
 c - 6 silver javelins
 K - 2 curare-tipped darts (quivered)
 L - 25 poisoned darts
Armour
 d - an orb of light
 e - a +0 plate armour (worn)
 u - a +0 pair of gloves (worn)
 I - a scarf of repulsion (worn)
 J - the +0 ring mail "Gafon" {Int+3 Slay+5}
   (You found it on level 8 of the Dungeon)

   Int+3:     It affects your intelligence (+3).
   Slay+5:    It affects your accuracy & damage with ranged weapons and melee
   (+5).
Jewellery
 f - a +6 ring of strength
 p - a ring of willpower (left hand)
 C - a +4 ring of protection (right hand)
Wands
 j - a wand of acid (3)
Scrolls
 a - 2 scrolls of fear
 h - 5 scrolls of fog
 l - 3 scrolls of immolation
 m - a scroll of identify
 n - 2 scrolls of amnesia {unknown}
 v - 2 scrolls of enchant armour {unknown}
 x - 4 scrolls of teleportation
 y - 2 scrolls of enchant weapon
 z - a scroll of vulnerability {unknown}
 D - 7 scrolls of poison
 F - a scroll of summoning {unknown}
 G - a scroll of acquirement
 H - 5 scrolls of noise
Potions
 b - 4 potions of curing
 g - 2 potions of haste
 i - 6 potions of invisibility
 k - 2 potions of berserk rage {unknown}
 o - a potion of lignification
 s - 5 potions of might
 t - a potion of resistance {unknown}
 A - 2 potions of enlightenment {unknown}
 E - 2 potions of mutation {unknown}


   Skills:
 + Level 10.6 Fighting
 + Level 17.4 Axes
 + Level 11.7 Armour
 + Level 4.9 Dodging
 + Level 1.4 Stealth
 * Level 0.3 Invocations


You had 11 spell levels left.
You didn't know any spells.
Your spell library contained the following spells:

 Spells                   Type           Power      Damage    Failure   Level
 Magic Dart               Conj           0%         1d3       99%         1
 Searing Ray              Conj           0%         2d4       100%        2
 Fulminant Prism          Conj/Hex       0%         3d5       100%        4


Dungeon Overview and Level Annotations

Branches:
Dungeon (11/15)            Temple (1/1) D:6            Lair (0/5) D:11
    Orc (0/2) D:9

Altars:
Ashenzari
Dithmenos
Elyvilon
Fedhas
Gozag
Hepliaklqana
Kikubaaqudgha
Makhleb
Nemelex Xobeh
Okawaru
Qazlal
Ru
Sif Muna
Trog
Uskayaw
Wu Jian
Xom
Yredelemnul
Zin
The Shining One

Shops:
D:6 ?   D:10 ?


Innate Abilities, Weirdness & Mutations

You have a pair of horns on your head.
You reflexively headbutt those who attack you in melee.


Message History

You hit the troll. The centaur warrior hits you!
* * * LOW HITPOINT WARNING * * *
The centaur warrior kicks you but does no damage.
You barely miss the centaur warrior.
The centaur warrior is lightly wounded.
You hit the troll but do no damage. The troll bites you but does no damage.
The troll claws you.
* * * LOW HITPOINT WARNING * * *
The troll claws you but does no damage.
The centaur warrior hits you but does no damage.
The centaur warrior kicks you but does no damage.
You barely miss the centaur warrior.
The centaur warrior is lightly wounded.
You hit the troll.
The centaur warrior hits you but does no damage.
The centaur warrior kicks you but does no damage.
The troll barely misses you. You furiously retaliate!
You headbutt the troll! The troll barely misses you.
The troll closely misses you.
You hit the centaur warrior but do no damage.
You headbutt the centaur warrior!
The centaur warrior is moderately wounded.
You barely miss the troll.
The centaur warrior hits you but does no damage.
The centaur warrior kicks you but does no damage.
The troll barely misses you. You furiously retaliate!
You headbutt the troll. The troll claws you.
* * * LOW HITPOINT WARNING * * *
The troll claws you.
* * * LOW HITPOINT WARNING * * *
The centaur warrior hits you but does no damage.
The centaur warrior kicks you but does no damage.
You slice the centaur warrior!! You headbutt the centaur warrior!
The centaur warrior is almost dead.
You hit the troll but do no damage.
The centaur warrior hits you but does no damage.
The centaur warrior kicks you but does no damage.
The troll bites you.
* * * LOW HITPOINT WARNING * * *
The troll claws you but does no damage. The troll claws you!
You die...

#.#.# #.#.#
#.#.#
##.#.#
######....#
.....)[$..#
####.#....#
### #
##.#.# #..
#@#.# #.#
#.cT.# #.#
#....# #.##
#....#
...##
##....
#.#.##
#...##
#<.#.#
#...# ##..#
#...# .#.##


You could see a centaur warrior and a troll.

Vanquished Creatures
  A boulder beetle (D:11)
  3 two-headed ogres
  3 death yaks (D:11)
  The ghost of confidenceinterval the Grappler, a novice DrSh of Nemelex Xobeh (D:8)
  The ghost of BinkBink the Marksspriggan, a novice SpHu of Qazlal (D:10)
  The ghost of BinkBink the Changeling, a novice MfSh (D:5)
  A manticore (D:11)
  2 centaur zombies (D:10)
  A spectral centaur (D:10)
  4 gargoyles (D:7)
  Grinder (D:3)
  A troll (D:10)
  A spectral meliai (D:10)
  2 hornets
  A slime creature (D:8)
  Sigmund (D:5)
  A wraith (D:9)
  19 yaks
  A wyvern (D:9)
  A steam dragon (D:7)
  An acid dragon (D:5)
  Edmund (D:5)
  A sky beast (D:8)
  An ice beast (D:7)
  2 orc warriors
  2 ogres
  A centaur (D:7)
  The ghost of lis82 the Conjurer, an amateur DgHW (D:3)
  2 phantoms
  5 kobold brigands
  A gnoll sergeant (D:9)
  3 scorpions
  3 bullfrogs
  8 wights
  8 killer bees
  2 electric eels (D:9)
  9 howler monkeys
  A bullfrog zombie (D:3)
  A jelly (D:6)
  3 hounds
  6 orc priests
  A bullfrog skeleton (D:3)
  2 centaur skeletons (D:3)
  5 iguanas
  4 orc wizards
  A sleepcap (D:4)
  3 gnolls (D:9)
  8 adders
  3 white imps
  2 ufetubi (D:6)
  2 worms
  A dart slug (D:1)
  26 orcs
  3 endoplasms
  3 giant cockroaches
  4 goblins
  3 hobgoblins
  8 jackals
  25 kobolds
  A quokka (D:4)
  10 ball pythons
  2 bats
  A frilled lizard (D:2)
  A rat (D:3)
228 creatures vanquished.

Vanquished Creatures (others)
  An orc (D:9)
1 creature vanquished.

Grand Total: 229 creatures vanquished

Notes
Turn   | Place    | Note
-------+----------+-------------------------------------------
     0 | D:1      | Pixllover the Minotaur Monk began the quest for the Orb.
     0 | D:1      | Reached XP level 1. HP: 19/19 MP: 0/0
   302 | D:1      | Reached XP level 2. HP: 18/27 MP: 1/1
   397 | D:1      | Reached skill level 4 in Axes
   397 | D:1      | You fall into a shaft and drop 1 floor!
   633 | D:1      | Reached skill level 1 in Armour
   794 | D:2      | Reached XP level 3. HP: 33/33 MP: 2/2
  1153 | D:2      | Found a faded altar of an unknown god.
  1474 | D:3      | Reached XP level 4. HP: 31/40 MP: 3/3
  1737 | D:3      | Noticed a phantom
  1739 | D:3      | Found a transporter.
  1771 | D:3      | Found a transporter.
  1776 | D:3      | Noticed lis82's ghost (amateur DgHW)
  1830 | D:3      | Noticed Grinder
  1842 | D:3      | Paralysed by Grinder for 3 turns
  1856 | D:3      | Paralysed by Grinder for 2 turns
  1858 | D:3      | HP: 1/41 [Grinder/nerve-wracking pain (6)]
  1859 | D:3      | Killed Grinder
  1860 | D:3      | Reached skill level 6 in Axes
  1860 | D:3      | Reached XP level 5. HP: 1/47 MP: 4/4
  1860 | D:3      | Reached XP level 6. HP: 1/55 MP: 5/5
  2064 | D:3      | Identified the +2 robe of Taniy {Stlth+}
  2336 | D:4      | Reached skill level 5 in Fighting
  2349 | D:4      | Identified the +0 ring mail "Uchiel" {rPois Stlth+}
  2397 | D:4      | Reached skill level 7 in Axes
  2402 | D:4      | Reached XP level 7. HP: 61/61 MP: 6/6
  2649 | D:4      | Found an ancient bone altar of Kikubaaqudgha.
  2650 | D:4      | Found a burning altar of Makhleb.
  2930 | D:3      | Reached skill level 5 in Armour
  2932 | D:3      | Reached skill level 8 in Axes
  2935 | D:3      | Killed lis82's ghost
  3034 | D:5      | Entered Level 5 of the Dungeon
  3078 | D:5      | Noticed BinkBink's ghost (novice MfSh)
  3088 | D:5      | Found a runed translucent door.
  3168 | D:5      | Identified the +2 leather armour "Nyrethryq" {Rampage +Inv
                  | Regen+ Str+4 Int-5}
  3297 | D:5      | Reached skill level 9 in Axes
  3297 | D:5      | Reached XP level 8. HP: 70/70 MP: 7/7
  3608 | D:5      | Noticed Edmund
  3618 | D:5      | Killed Edmund
  3619 | D:5      | Reached skill level 10 in Axes
  3653 | D:5      | Noticed Sigmund
  3672 | D:5      | Killed Sigmund
  3887 | D:5      | Killed BinkBink's ghost
  3888 | D:5      | Reached skill level 11 in Axes
  3888 | D:5      | Reached skill level 1 in Stealth
  3888 | D:5      | Reached XP level 9. HP: 65/78 MP: 8/8
  3972 | D:6      | Found a staircase to the Ecumenical Temple.
  3985 | Temple   | Entered the Ecumenical Temple
  4205 | Temple   | Became a worshipper of Warmaster Okawaru
  4205 | Temple   | Reached * piety under Okawaru
  4205 | Temple   | Reached ** piety under Okawaru
  4390 | D:6      | Found a stormy altar of Qazlal.
  4563 | D:6      | Found Dit Ducw's Magic Scroll Shop.
  4579 | D:6      | Bought a scroll of teleportation for 36 gold pieces
  4579 | D:6      | Bought a scroll of identify for 24 gold pieces
  4794 | D:7      | Reached skill level 12 in Axes
  5576 | D:7      | Noticed a gargoyle
  5585 | D:7      | Killed a gargoyle
  5593 | D:7      | Noticed a gargoyle
  5597 | D:7      | Killed a gargoyle
  5598 | D:7      | Reached skill level 13 in Axes
  5607 | D:7      | Noticed a gargoyle
  5612 | D:7      | Killed a gargoyle
  5612 | D:7      | Reached *** piety under Okawaru
  5613 | D:7      | Reached XP level 10. HP: 22/86 MP: 9/9
  5803 | D:7      | Noticed a gargoyle
  5805 | D:7      | Killed a gargoyle
  6294 | D:8      | Identified the +0 ring mail "Gafon" {Int+3 Slay+5}
  6318 | D:8      | Found a runed translucent gate.
  6318 | D:8      | Found a runed translucent gate.
  6318 | D:8      | Found a runed translucent gate.
  6323 | D:8      | Found an opulent altar of Gozag.
  6323 | D:8      | Noticed confidenceinterval's ghost (novice DrSh)
  6367 | D:8      | Paralysed by a hornet for 1 turns
  7066 | D:8      | Reached **** piety under Okawaru
  7256 | D:8      | Reached skill level 14 in Axes
  7275 | D:8      | Killed confidenceinterval's ghost
  7689 | D:9      | Reached skill level 10 in Armour
  7822 | D:9      | Noticed a two-headed ogre
  7829 | D:9      | Killed a two-headed ogre
  7829 | D:9      | Reached ***** piety under Okawaru
  7841 | D:9      | Reached skill level 15 in Axes
  8271 | D:9      | Found a staircase to the Orcish Mines.
  8339 | D:9      | Reached XP level 11. HP: 95/95 MP: 10/10
  8687 | D:10     | Entered Level 10 of the Dungeon
  8690 | D:10     | Received a gift from Okawaru
  8846 | D:10     | Noticed a two-headed ogre
  8851 | D:10     | Killed a two-headed ogre
  8983 | D:10     | Found Oxzoedwi's Magic Scroll Boutique.
  8994 | D:10     | Bought a scroll of fear for 48 gold pieces
  8994 | D:10     | Bought a scroll of enchant weapon for 90 gold pieces
  8995 | D:10     | Identified a scroll of acquirement
  9068 | D:10     | Found a runed translucent gate.
  9069 | D:10     | Found a runed translucent gate.
  9071 | D:10     | Found a runed translucent gate.
  9073 | D:10     | Noticed BinkBink's ghost (novice SpHu)
  9132 | D:10     | Reached skill level 16 in Axes
  9399 | D:10     | Killed BinkBink's ghost
  9405 | D:10     | Reached skill level 10 in Fighting
  9555 | D:11     | Noticed a death yak
  9575 | D:11     | Noticed a death yak
  9577 | D:11     | Killed a death yak
  9577 | D:11     | Received a gift from Okawaru
  9580 | D:11     | Noticed a death yak
  9596 | D:11     | Killed a death yak
  9615 | D:11     | Killed a death yak
  9616 | D:11     | Reached skill level 17 in Axes
  9636 | D:11     | HP: 1/151 [yak (8)]
  9888 | D:11     | Noticed a boulder beetle
  9908 | D:11     | Killed a boulder beetle
  9909 | D:11     | Reached XP level 12. HP: 79/107 MP: 11/11
 10152 | D:11     | Found a staircase to the Lair.
 10175 | D:11     | Noticed a two-headed ogre
 10182 | D:11     | Killed a two-headed ogre
 10182 | D:11     | Reached ****** piety under Okawaru
 10182 | D:11     | Received a gift from Okawaru
 10268 | D:11     | Noticed a centaur warrior
 10279 | D:11     | Slain by a troll

Illustrated notes

Levels and vault maps discovered:
D:1:      nicolae_arrival_memento_mori, layout_basic, minmay_misc_feat_tiny,
          nicolae_the_louvre
D:2:      layout_basic, ebering_ecumenical_altar_webs
D:3:      layout_rooms, gammafunk_ghost_mausoleum, uniq_grinder
D:4:      layout_loops_cross, nicolae_overflow_squiral
D:5:      layout_basic, hellmonk_ghost_happy_afterlife, sigmund_edmund_badplayer
D:6:      layout_cave_pools, mainiacjoe_overflow_concentric_impassable,
          minmay_temple_entry_proselytizer, serial_shops, shop_scrolls
D:7:      cheibrodos_statue_roulette, layout_layer_cave, serial_bayou_pond_c
D:8:      layout_basic, ebering_ghost_gozag
D:9:      layout_basic, nicolae_overflow_hidden_temple
D:10:     layout_layer_cave, gammafunk_ghost_necromancy, serial_shops, shop
D:11:     layout_loops_ring, dpeg_lair_monsters, minivault_22,
          nicolae_shop_i_like_big_books
Temple:   minmay_temple_bridge_d

Skill      XL: |  1  2  3  4  5  6  7  8  9 10 11 |
---------------+----------------------------------+-----
Axes           | 4 6 7 9 11 13 15 17 | 17.4
Armour         | 1 2 3 4 5 6 8 10 11 | 11.7
Fighting       | 4 5 6 7 8 10 | 10.6
Dodging        | 4 |  4.9
Stealth        | 1 |  1.4
Invocations    | |  0.3

Action                     |  1- 3 |  4- 6 |  7- 9 | 10-12 || total
---------------------------+-------+-------+-------+-------++-------
  Melee: Hand axe          |    62 |    65 |     5 |       ||   132
         Headbutt          |     9 |    14 |    31 |    69 ||   123
         Battleaxe         |       |       |   166 |   298 ||   464
 Invoke: Heroism           |       |       |       |     1 ||     1
    Use: Scroll            |     1 |       |     5 |     6 ||    12
         Potion            |       |     1 |       |     6 ||     7
 Armour: Plate armour      |    75 |    44 |   215 |   322 ||   656
         Skin              |       |       |       |    35 ||    35
  Dodge: Dodged            |    13 |    21 |    84 |   153 ||   271
         Repelled          |       |       |       |     3 ||     3

Table legend: (Time is in decaauts)
 A = Elapsed time spent in this place.
 B = Non-inter-level travel time spent in this place.
 C = Inter-level travel time spent in this place.
 D = Time resting spent in this place.
 E = Time spent auto-exploring this place.
 F = Levels seen in this place.
 G = Mean time per level.
                   A        B        C        D        E       F      G
               +--------+--------+--------+--------+--------+-----+--------+
         Total |  10318 |   9850 |    468 |   1160 |   5901 |  12 |  859.8 |
       Dungeon |  10026 |   9693 |    333 |   1056 |   5901 |  11 |  911.5 |
        Temple |    291 |    156 |    135 |    104 |      0 |   1 |  291.0 |
               +--------+--------+--------+--------+--------+-----+--------+

Top non-repeatable levels by time:
     D:7: 1440 daAuts
     D:9: 1351 daAuts
     D:8: 1194 daAuts
     D:5: 899 daAuts
     D:3: 863 daAuts
     D:2: 799 daAuts
    D:11: 780 daAuts
    D:10: 733 daAuts
     D:4: 724 daAuts
     D:1: 656 daAuts
     D:6: 584 daAuts
  Temple: 291 daAuts
